HilariosTheGreek, lawful male human Samurai ------ --..|.---- --........| |.........---- ------ ---............| |....-- |...^..........-- --....| |...--..........--- |...-- --------....---...| |.--- |....| --..| |.| --u...| ---- |.| ..%.---- |.| .....| |.| ......-- |.| ...--..--.| |.| ---.....----- ---- |.| --...-.--- ----..------.| |..-...--------............| --...........).......---.-..| ......-----------....| |...<| ------- |..--- ----- --- HilariosTheGreek the Ninja Experience level: 6 Strength: 15 Dexterity: 14 Constitution: 18 Intelligence: 11 Wisdom: 11 Charisma: 8 Health: 0(54) Energy: 20(23) Def: 7 Gold: 555 Moves: 1626 Dungeon seed: D40t5jfrICiDXDbj Game ID: HilariosTheGreek_1465265552 Your Inventory: Coins $ - 555 gold pieces Weapons a - a +0 katana (weapon in hand) b - a +0 wakizashi (alternate weapon; not wielded) c - a +0 yumi d - 38 +0 ya (in quiver) m - a blessed +1 elven dagger p - 4 cursed +0 crossbow bolts t - 4 +0 daggers v - 7 +1 arrows A - a +0 dart Armor e - an uncursed rustproof +0 splint mail (being worn) n - a cursed +0 T-shirt q - a blessed +0 cloak of invisibility (being worn) Comestibles o - an uncursed pancake x - an uncursed fortune cookie z - an uncursed tin of kobold meat Scrolls h - an uncursed scroll of identify j - 2 uncursed scrolls of enchant weapon u - an uncursed scroll of light B - a blessed scroll of fire Spellbooks k - an uncursed spellbook of wizard lock Potions l - a blessed potion of invisibility w - an uncursed potion of full healing Rings g - an uncursed ring of aggravate monster Wands i - a wand of undead turning (0:2) s - a wand of striking (0:7) Tools f - an uncursed osaku r - an uncursed tin whistle C - an uncursed blindfold Spells and supernatural/magical abilities: Name Level Category Fail Memory W - pray for help -- divine ? -- Your skills at the end: Fighting Skills martial arts [Basic] Weapon Skills short sword [Basic] long sword [Basic] bow [Basic] Spellcasting Skills Final Attributes: You were piously aligned. You were invisible. You were fast. You are dead. Vanquished creatures: 3 gnome lords a gnomish wizard a red naga hatchling a straw golem a baby crocodile a dwarf a kobold lord a kobold shaman 2 rothes a rabid rat a giant bat an iguana a hobbit 2 large kobolds a hobgoblin a giant rat 22 gnomes 2 garter snakes a gnome zombie 5 jackals 3 grid bugs 2 bats 3 lichens 2 newts 60 creatures vanquished. Voluntary challenges: You used a wielded weapon 80 times, starting on turn 30. You read items or engraved 4 times, starting on turn 215. You never genocided any monsters. You never polymorphed an object. You never changed form. You used no wishes. You never split a pudding. You wrote Elbereth's name 4 times, starting on turn 215. You never violated your personal moral code. Dungeon overview: The Dungeons of Doom: levels 1 to 4 Level 1 a long staircase Level 2 a scroll shop, a fountain Level 3 a fountain Level 4 an altar to Raijin, a fountain stairs to The Gnomish Mines The Gnomish Mines: levels 5 to 7 Level 5 stairs to The Dungeons of Doom Level 6 Level 7 <- You were here History has recorded: On T:1 you entered the Dungeons of Doom to retrieve the Amulet of Yendor! On T:29 you reached level 2 of The Dungeons of Doom. On T:204 you reached level 3 of The Dungeons of Doom. On T:457 you reached level 4 of The Dungeons of Doom. On T:652 you reached level 1 of The Gnomish Mines. On T:652 you advanced to experience level 2. On T:762 you advanced to experience level 3. On T:822 you advanced to experience level 4. On T:934 you reached level 2 of The Gnomish Mines. On T:1011 you advanced to experience level 5. On T:1450 you reached level 3 of The Gnomish Mines. On T:1611 you advanced to experience level 6. Score breakdown: Gold: 555 ( 9337 points) Experience: 6 levels (12456 points) Exploration: 7 levels ( 14.29%) (10606 points) Discoveries: 4 items ( 1.63%) ( 3825 points) Valuables value: (no points given unless you survive) Artifact value: 0 ( 0 points) Variety of kills: 24 monsters ( 6.30%) ( 7529 points) Turncount: 1626 turns ( 0 points) Survival: died (score multiplied by 80%) Total score: 35002 Latest messages: You hear crashing rock. You stop eating. You resume your meal. You stop eating. The gray unicorn butts! The gray unicorn misses. The gray unicorn butts! The gray unicorn misses. You hit the gray unicorn. The gray unicorn misses. The gray unicorn kicks! You hit the gray unicorn. The gray unicorn butts! The gray unicorn misses. You miss the gray unicorn. The gray unicorn butts! The gray unicorn kicks! The gray unicorn butts! The gray unicorn misses. (3x) The gray unicorn butts! You die... Final status: Sayonara HilariosTheGreek the Samurai, killed by a gray unicorn... You died in The Gnomish Mines on dungeon level 7 with 35002 points, and 555 pieces of gold, after 1626 moves. You were level 6 with a maximum of 54 hit points when you died.